 Dungeon Crawl Stone Soup version 0.30-a0-297-g0ec75d9ef4 (webtiles) character file.

Game seed: 17939397563153638394

4482 koil the Covert (level 10, -3/45 HPs)
             Began as a Spriggan Enchanter on Oct 19, 2022.
             Was a Follower of Dithmenos.
             Killed by the air
             ... invoked by Gastronok
              (35 damage)
             ... on level 8 of the Dungeon.
             The game lasted 00:33:21 (7707 turns).

koil the Covert (Spriggan Enchanter)                Turns: 7707, Time: 00:33:21

Health: -3/45      AC:  8    Str:  4    XL:     10   Next: 16%
Magic:  23/24      EV: 25    Int: 23    God:    Dithmenos [*.....]
Gold:   478        SH:  0    Dex: 24    Spells: 15/23 levels left

rFire   . . .      SeeInvis +    p - +7 dagger of Taulu {vorpal, rC- rN+ Will+ Dex+4}
rCold   x . .      Faith    .    (no shield)
rNeg    + . .      Spirit   .    s - +2 steam dragon scales
rPois   +          Reflect  .    (helmet restricted)
rElec   .          Harm     .    w - +0 cloak
rCorr   .          Rampage  .    (gloves unavailable)
Will    +++..                    (boots unavailable)
Stlth   ++++++....               Q - amulet of magic regeneration
HPRegen 0.27/turn                a - +6 ring of intelligence
MPRegen 0.59/turn                j - ring of willpower

@: confusing by touch, wreathed by umbra, very quick
A: very small, no large weapons, unfitting armour, see invisible, speed 3, frail
1, high MP 1, poison resistance, noise suppression
a: Renounce Religion


You were on level 8 of the Dungeon.
You worshipped Dithmenos.
Dithmenos was aware of your devotion.
You visited 2 branches of the dungeon, and saw 9 of its levels.
You also visited: Sewer.

You collected 478 gold pieces.

Inventory:

Hand Weapons
 o - a +7 morningstar of draining
 p - the +7 dagger of Taulu (weapon) {vorpal, rC- rN+ Will+ Dex+4}
   (You found it on level 2 of the Dungeon)

   It inflicts extra damage upon your enemies.
   Dex:       It affects your dexterity (+4).
   rC:        It makes you vulnerable to cold.
   rN:        It protects you from negative energy.
   Will:      It increases your willpower.
 v - a +4 quarterstaff of chaos
Missiles
 i - 5 atropa-tipped darts
 q - 7 poisoned darts (quivered)
 x - 2 throwing nets
Armour
 k - +0 steam dragon scales
 s - +2 steam dragon scales (worn)
 w - a +0 cloak (worn)
 J - a +1 robe
Magical Staves
 y - a staff of fire
Jewellery
 a - a +6 ring of intelligence (left hand)
 h - a ring of resist corrosion
 j - a ring of willpower (right hand)
 m - a ring of protection from fire
 Q - an amulet of magic regeneration (around neck)
Wands
 C - a wand of flame (111)
 K - a wand of roots (19)
Scrolls
 b - 4 scrolls of summoning
 d - a scroll of fear
 f - 9 scrolls of teleportation
 g - 3 scrolls of amnesia
 B - a scroll of enchant armour
 E - a scroll of poison {unknown}
Potions
 c - 2 potions of invisibility
 e - a potion of ambrosia
 l - 3 potions of mutation
 n - a potion of degeneration {unknown}
 r - 7 potions of curing
 t - a potion of resistance
 u - a potion of might
 z - 3 potions of flight
 A - a potion of magic
 D - a potion of brilliance {unknown}
 N - a potion of haste


   Skills:
 + Level 4.6 Fighting
 + Level 6.1 Short Blades
 + Level 8.0 Dodging
 + Level 10.0 Stealth
 + Level 7.3 Spellcasting
 + Level 3.4 Conjurations
 + Level 7.8 Hexes


You had 15 spell levels left.
You knew the following spells:

 Your Spells              Type           Power      Damage    Failure   Level
a - Ensorcelled Hibernat  Hex/Ice        52%        N/A       2%          2
b - Confusing Touch       Hex            44%        N/A       1%          3
c - Dazzling Flash        Conj/Hex       68%        N/A       2%          3

Your spell library contained the following spells:

 Spells                   Type           Power      Damage    Failure   Level
 Tukima's Dance           Hex            44%        N/A       1%          3
 Beastly Appendage        Tmut           16%        N/A       8%          1
 Wereblood                Tmut           8%         N/A       11%         2
 Spider Form              Tmut/Pois      8%         N/A       22%         3


Dungeon Overview and Level Annotations

Branches:
Dungeon (8/15)             Temple (1/1) D:6           Sewer (visited)
   Lair: D:8-11

Altars:
Ashenzari
Cheibriados
Dithmenos
Fedhas
Gozag
Hepliaklqana
Kikubaaqudgha
Makhleb
Nemelex Xobeh
Okawaru
Ru
Sif Muna
Trog
Uskayaw
Vehumet
Wu Jian
Xom
Yredelemnul
The Shining One

Shops:
D:1 *

Annotations:
D:8 2 transporters, Gastronok; bande's ghost, novice GrFi
Temple 1 transporter


Innate Abilities, Weirdness & Mutations

You are very small and have problems with some larger weapons.
You are too small for most types of armour.
You have supernaturally acute eyesight. (SInv)
You cover ground extremely quickly. (Speed+++)
You are frail. (-10% HP)
You have an increased reservoir of magic. (+10% MP)
Your system is resistant to poisons. (rPois)
You passively dampen the noise of your surroundings.


Message History

Gastronok puts on a burst of speed!
You start resting.
Gastronok is nearby!
Casting: Confusing Touch (safe; 1% risk of failure)
Confirm with . or Enter, or press ? or * to list all spells.
You don't know that spell.
Casting: Confusing Touch (safe; 1% risk of failure)
Confirm with . or Enter, or press ? or * to list all spells.
Okay, then.
Casting: Confusing Touch (safe; 1% risk of failure)
Confirm with . or Enter, or press ? or * to list all spells.
Casting: Dazzling Flash (dangerous; 2% risk of failure)
Press: ? - help, Dir - look around, f - activate Gastronok waves his eye-stalks in wide circles.
The air twists around and strikes you!
* * * LOW HITPOINT WARNING * * *
You feel much better.
Casting: Dazzling Flash (dangerous; 2% risk of failure)
Confirm with . or Enter, or press ? or * to list all spells.
Your hands begin to glow red.
You hit Gastronok but do no damage.
Gastronok is almost dead.
Gastronok bites you but does no damage.
You hit Gastronok but do no damage.
Gastronok is almost dead.
You hit Gastronok but do no damage.
Gastronok is almost dead.
You hit Gastronok but do no damage. You punch Gastronok.
Gastronok is almost dead.
Gastronok barely misses you.
You hit Gastronok but do no damage.
Gastronok is almost dead.
You hit Gastronok but do no damage.
Gastronok is almost dead.
You hit Gastronok but do no damage.
Gastronok is almost dead.
Gastronok waves his eye-stalks in wide circles.
The air twists around and strikes you!!
Ouch! That really hurt!
You die...

.†...# #.###.# ..)..# #.
##.# #..## .....#
##.##..####w.# ####.#
#.........##.## #.#
#.........##..# #.#
#.........###.#
####.####.........# #.##
..............)...# #..##
##<..........>..@w###...#
#.(..................###
#.......[........#####
##........>.....<.#
..........######.##
##.).....## #..
##.......# ##. .........#
# .###.....#


You could see Gastronok (swift).

Vanquished Creatures
  Maggie (D:7)
  Grinder (D:3)
  A hornet (D:8)
  Prince Ribbit (D:7)
  A wyvern (D:7)
  Eustachio (D:6)
  A steam dragon (D:6)
  Edmund (D:6)
  2 water moccasins
  Duvessa (D:5)
  An orc warrior (D:8)
  2 sky beasts
  4 black bears
  An ogre (D:7)
  A centaur (D:8)
  A kobold brigand (D:4)
  5 bullfrogs
  2 scorpions
  A necrophage (D:4)
  Dowan (D:5)
  10 killer bees (D:7)
  3 howler monkeys
  A hound (D:6)
  Crazy Yiuf (D:7)
  A bullfrog zombie (D:5)
  2 orc priests (D:6)
  3 iguanas
  4 orc wizards
  Ijyb (D:5)
  A hound zombie (D:5)
  17 gnolls
  12 adders
  A river rat (Sewer)
  A shadow imp (D:7)
  2 white imps
  A worm (D:2)
  The ghost of sscrono2 the Sneak, a weakling OpDe (D:4)
  2 dart slugs
  16 orcs
  6 endoplasms
  5 giant cockroaches
  10 goblins
  8 hobgoblins
  4 jackals (D:4)
  14 kobolds
  A quokka (D:5)
  9 ball pythons
  7 bats
  7 frilled lizards
  10 rats
191 creatures vanquished.

Vanquished Creatures (others)
  A hound (D:5)
  An adder (D:5)
  An orc (D:5)
  5 fungi
  A plant (D:8)
9 creatures vanquished.

Grand Total: 200 creatures vanquished

Notes
Turn   | Place    | Note
-------+----------+-------------------------------------------
     0 | D:1      | koil the Spriggan Enchanter began the quest for the Orb.
     0 | D:1      | Reached XP level 1. HP: 9/9 MP: 5/5
   111 | D:1      | Reached XP level 2. HP: 7/13 MP: 6/6
   145 | D:1      | Found Qill's Assorted Antiques.
   186 | D:1      | Learned a level 2 spell: Ensorcelled Hibernation
   474 | D:1      | Reached XP level 3. HP: 14/17 MP: 6/8
   495 | D:1      | Learned a level 3 spell: Confusing Touch
   499 | D:1      | Learned a level 3 spell: Dazzling Flash
   628 | D:1      | Reached skill level 5 in Stealth
  1120 | D:2      | Identified the +7 dagger of Taulu {vorpal, rC- rN+ Will+
                  | Dex+4}
  1447 | D:2      | Reached skill level 1 in Fighting
  1447 | D:2      | Reached XP level 4. HP: 17/22 MP: 9/9
  2190 | D:3      | Noticed Grinder
  2201 | D:3      | Killed Grinder
  2202 | D:3      | Reached skill level 6 in Stealth
  2202 | D:3      | Reached XP level 5. HP: 21/26 MP: 7/12
  2202 | D:3      | Reached XP level 6. HP: 24/30 MP: 7/13
  2646 | D:4      | Found a runed translucent gate.
  2646 | D:4      | Found a runed translucent gate.
  2646 | D:4      | Found a runed translucent gate.
  2650 | D:4      | Noticed sscrono2's ghost (weakling OpDe)
  2926 | D:4      | Reached skill level 5 in Hexes
  2926 | D:4      | Reached XP level 7. HP: 16/35 MP: 10/14
  4034 | D:4      | Killed sscrono2's ghost
  4218 | D:4      | Reached skill level 5 in Dodging
  4332 | D:5      | Entered Level 5 of the Dungeon
  4358 | D:5      | Found a glowing drain.
  4358 | D:5      | Noticed Duvessa
  4359 | D:5      | Noticed Dowan
  4447 | D:5      | Killed Duvessa
  4451 | D:5      | Reached skill level 7 in Stealth
  4490 | D:5      | Killed Dowan
  4524 | D:5      | Reached skill level 5 in Spellcasting
  4524 | D:5      | Reached skill level 1 in Conjurations
  4582 | D:5      | Reached XP level 8. HP: 25/39 MP: 6/16
  4599 | D:5      | Noticed Ijyb
  4600 | D:5      | Found a shimmering altar of Xom.
  4609 | D:5      | Killed Ijyb
  4696 | Sewer    | Entered a sewer
  5291 | D:5      | Found Aguylot's Distillery.
  5433 | D:5      | Found a basalt altar of Yredelemnul.
  5669 | D:6      | Noticed Eustachio
  5709 | D:6      | Killed Eustachio
  5710 | D:6      | Reached skill level 8 in Stealth
  5792 | D:6      | Found a staircase to the Ecumenical Temple.
  5809 | D:6      | Identified the +1 scale mail "Efes Erphag" {Str+5}
  5891 | D:6      | Noticed Edmund
  5920 | Temple   | Entered the Ecumenical Temple
  5920 | Temple   | Found a transporter.
  5920 | Temple   | Found a transporter.
  5922 | Temple   | Found a transporter.
  5922 | Temple   | Found a transporter.
  5940 | Temple   | Became a worshipper of Dithmenos the Shadowed
  6040 | Temple   | Gained mutation: Your magical capacity is low. (-10% MP)
                  | [potion of mutation]
  6041 | Temple   | Lost mutation: Your magical capacity is low. (-10% MP)
                  | [potion of mutation]
  6041 | Temple   | Gained mutation: You occasionally lose the ability to read
                  | scrolls when taking damage. [potion of mutation]
  6041 | Temple   | Gained mutation: You are frail. (-10% HP) [potion of
                  | mutation]
  6042 | Temple   | Lost mutation: You are frail. (-10% HP) [potion of
                  | mutation]
  6042 | Temple   | Lost mutation: You occasionally lose the ability to read
                  | scrolls when taking damage. [potion of mutation]
  6042 | Temple   | Gained mutation: Your system is resistant to poisons.
                  | (rPois) [potion of mutation]
  6042 | Temple   | Gained mutation: You passively dampen the noise of your
                  | surroundings. [potion of mutation]
  6042 | Temple   | Gained mutation: You are frail. (-10% HP) [potion of
                  | mutation]
  6042 | Temple   | Gained mutation: You have an increased reservoir of magic.
                  | (+10% MP) [potion of mutation]
  6182 | D:6      | Found a sparkling altar of Nemelex Xobeh.
  6283 | D:6      | Killed Edmund
  6347 | D:6      | Reached XP level 9. HP: 40/40 MP: 21/21
  6364 | D:6      | Found an ornate altar of the Wu Jian Council.
  6459 | D:6      | Reached skill level 5 in Short Blades
  6579 | D:7      | Noticed Prince Ribbit
  6585 | D:7      | Killed Prince Ribbit
  6588 | D:7      | Reached skill level 9 in Stealth
  6776 | D:7      | Reached * piety under Dithmenos
  6814 | D:7      | Noticed Maggie
  6822 | D:7      | Killed Maggie
  7144 | D:7      | Found a runed translucent door.
  7145 | D:7      | Noticed Crazy Yiuf
  7152 | D:7      | Killed Crazy Yiuf
  7153 | D:7      | Reached XP level 10. HP: 45/45 MP: 23/23
  7247 | D:8      | Noticed a moth of wrath
  7248 | D:8      | Found a bloodstained altar of Trog.
  7248 | D:8      | Noticed a two-headed ogre
  7248 | D:8      | Noticed bande's ghost (novice GrFi)
  7259 | D:8      | Found a transporter.
  7267 | D:8      | Found a transporter.
  7475 | D:8      | Reached skill level 10 in Stealth
  7650 | D:8      | Noticed Gastronok
  7707 | D:8      | Killed from afar by Gastronok

Illustrated notes

Levels and vault maps discovered:
D:1:      dpeg_arrival_connections, layout_loops_ring, serial_shops,
          nicolae_shop_competitors_out_of_business, minmay_tetromino_s2
D:2:      layout_loops_ring
D:3:      layout_basic, uniq_grinder
D:4:      layout_layer_cave, gammafunk_ghost_nasty_kobolds
D:5:      layout_rooms, lemuel_zombie_altar_yredelemnul, xom_confusion_cloud,
          gup_sewer_entry_glass, serial_shops, nicolae_shop_trees, uniq_ijyb,
          uniq_duvessa
D:6:      layout_rooms, old_standard_altar, nemelex_altar_shiori,
          minmay_temple_entry_water_ring, abandoned_shop, nrook_mini_vaults,
          uniq_eustachio, uniq_edmund
D:7:      layout_rooms, uniq_prince_ribbit1, uniq_maggie,
          uniq_crazy_yiuf_cottage
D:8:      corexii_shack_village, layout_rooms,
          gammafunk_ghost_wrathful_warriors, item_on_display_b, uniq_gastronok
Temple:   hellmonk_temple_divided_pantheon

Skill      XL: |  1  2  3  4  5  6  7  8  9 10 |
---------------+-------------------------------+-----
Dodging        | 3 4 5 6 7 8 |  8.0
Spellcasting   | 3 4 5 6 7 |  7.3
Stealth        | 5 6 7 8 9 10 | 10.0
Hexes          | 4 5 6 7 |  7.8
Fighting       | 1 2 3 4 |  4.6
Short Blades   | 2 3 4 6 |  6.1
Conjurations   | 1 2 3 |  3.4

Action                   |  1- 3 |  4- 6 |  7- 9 | 10-12 || total
-------------------------+-------+-------+-------+-------++-------
Melee: Dagger            |   110 |    62 |   255 |    55 ||   482
       Punch             |     1 |     1 |     2 |     2 ||     6
       Short sword       |     3 |       |       |       ||     3
 Cast: Ensorcelled Hiber |     4 |    10 |    53 |       ||    67
       Confusing Touch   |       |     2 |    10 |     4 ||    16
       Dazzling Flash    |       |       |       |     1 ||     1
Evoke: Wand              |       |       |     2 |       ||     2
  Use: Scroll            |       |       |    13 |       ||    13
       Potion            |       |       |     9 |     1 ||    10
 Stab: Sleeping          |    14 |    10 |    48 |     2 ||    74
       Confused          |       |     1 |     4 |     3 ||     8
       Distracted        |       |       |     2 |       ||     2
Armor: Robe              |    12 |     2 |    13 |       ||    27
       Steam dragon scal |       |       |     3 |     5 ||     8
Dodge: Dodged            |    89 |    41 |   196 |    46 ||   372

Table legend: (Time is in decaauts)
 A = Elapsed time spent in this place.
 B = Non-inter-level travel time spent in this place.
 C = Inter-level travel time spent in this place.
 D = Time resting spent in this place.
 E = Time spent auto-exploring this place.
 F = Levels seen in this place.
 G = Mean time per level.
                   A        B        C        D        E       F      G
               +--------+--------+--------+--------+--------+-----+--------+
         Total |   5522 |   5371 |    151 |    708 |   3157 |  10 |  552.2 |
       Dungeon |   5050 |   4899 |    151 |    613 |   2938 |   8 |  631.2 |
        Temple |    184 |    184 |      0 |     95 |      3 |   1 |  184.0 |
         Sewer |    286 |    286 |      0 |      0 |    215 |   1 |  286.0 |
               +--------+--------+--------+--------+--------+-----+--------+

Top non-repeatable levels by time:
     D:4: 1352 daAuts
     D:1: 761 daAuts
     D:5: 654 daAuts
     D:6: 528 daAuts
     D:2: 499 daAuts
     D:3: 453 daAuts
     D:7: 449 daAuts
     D:8: 350 daAuts
   Sewer: 286 daAuts
  Temple: 184 daAuts
